 Dungeon Crawl Stone Soup version 0.27.0-1-g7a089689b8 (webtiles) character file.

Game seed: 5379347581805039935

3 seveneves the Shield-Bearer (level 1, -2/20 HPs)
             Began as a Minotaur Fighter on Aug 3, 2021.
             Slain by a kobold (4 damage)
             ... on level 1 of the Dungeon.
             The game lasted 00:00:34 (190 turns).

seveneves the Shield-Bearer (Minotaur Fighter)       Turns: 190, Time: 00:00:34

Health: -2/20      AC:  7    Str: 20    XL:     1   Next: 41%
Magic:  0/0        EV:  7    Int:  5    God:
Gold:   0          SH:  9    Dex:  9    Spells: 0/0 levels left

rFire    . . .     SeeInvis .   a - +0 long sword
rCold    . . .     Faith    .   c - +0 kite shield
rNeg     . . .     Spirit   .   b - +0 scale mail
rPois    .         Reflect  .   (helmet restricted)
rElec    .         Harm     .   (no cloak)
rCorr    .         Rampage  .   (no gloves)
Will     .....                  (no boots)
Stlth    ..........             (no amulet)
HPRegen  0.06/turn              (no ring)
MPRegen  0.07/turn              (no ring)

@: no status effects
A: horns 2, retaliatory headbutt
a: no special abilities


You were on level 1 of the Dungeon.
You visited 1 branch of the dungeon, and saw 1 of its levels.

Inventory:

Hand Weapons
 a - a +0 long sword (weapon)
Armour
 b - a +0 scale mail (worn)
 c - a +0 kite shield (worn)
Magical Staves
 e - a staff of earth
Potions
 d - a potion of might


   Skills:
 + Level 3.7 Fighting
 + Level 2.4 Long Blades
 + Level 3.7 Armour
 + Level 3.8 Shields


You couldn't memorise any spells.
You didn't know any spells.
Your spell library was empty.

Dungeon Overview and Level Annotations

Branches:
Dungeon (1/15)

Altars:


Innate Abilities, Weirdness & Mutations

You have a pair of horns on your head.
You reflexively headbutt those who attack you in melee.


Message History

You hit the giant cockroach.
You kill the giant cockroach!
The goblin barely misses you.
You riposte.
You hit the goblin.
The goblin is heavily wounded.
Your scale mail prevents you from hitting the goblin.
You headbutt the goblin.
The goblin is severely wounded.
The kobold hits you with a +0 short sword.
The kobold hits you but does no damage. You block the goblin's attack.
The kobold hits you but does no damage. The kobold hits you with a +0 dagger.
The goblin hits you but does no damage.
You hit the goblin but do no damage.
The goblin is severely wounded.
The kobold barely misses you. The kobold hits you with a +0 dagger.
You block the goblin's attack.
You barely miss the goblin.
The goblin is severely wounded.
The kobold hits you with a +0 short sword.
* * * LOW HITPOINT WARNING * * *
The kobold hits you with a +0 dagger.
* * * LOW HITPOINT WARNING * * *
The goblin hits you with a +0 club.
* * * LOW HITPOINT WARNING * * *
The kobold hits you but does no damage. You block the kobold's attack.
You block the goblin's attack.
You hit the goblin.
You kill the goblin!
The kobold hits you with a +0 short sword.
* * * LOW HITPOINT WARNING * * *
You block the kobold's attack. x2
The kobold hits you but does no damage. You block the kobold's attack.
Things that are here:
a +0 club; a goblin corpse The kobold hits you but does no damage.
You hit the kobold.
You kill the kobold!
The kobold hits you but does no damage.
You barely miss the kobold.
The kobold hits you with a +0 short sword.
You die...

... ..# #. .........#
###+###.# #.
.........####....##.###.
............#....#......
............#...........
............#...........
............#...........
........[........#......
#.@K)..............
#.............####.
#.......#.....# ##.
#.......#.....###..
#.......#.##8.8##..
#.......#..##.P####
#.......#..###.P###
#########..####.P##
#####PP.###


You could see a kobold.

Vanquished Creatures
  A giant cockroach (D:1)
  A goblin (D:1)
  A kobold (D:1)
3 creatures vanquished.

Vanquished Creatures (others)
  2 fungi (D:1)
2 creatures vanquished.

Grand Total: 5 creatures vanquished

Notes
Turn   | Place    | Note
-------+----------+-------------------------------------------
     0 | D:1      | seveneves the Minotaur Fighter began the quest for the Orb.
     0 | D:1      | Reached XP level 1. HP: 19/19 MP: 0/0
   143 | D:1      | Found a faded altar of an unknown god.
   190 | D:1      | Slain by a kobold

Illustrated notes

Levels and vault maps discovered:
D:1:      dpeg_arrival_tiny_j, layout_basic, shapermc_ecumenical_altar_petra,
          minmay_tetromino_o4

Action                   || total
-------------------------++-------
Melee: Long sword        ||    20
       Headbutt          ||     5
Armor: Scale mail        ||    17
Dodge: Dodged            ||     8
Block: Kite shield       ||    14
       Rpst.: Long sword ||     3
